| TOP OF THE 1ST |
|
Corpus Christi Hooks batting - Pitching for Arkansas Travelers : RHP Tim Anderson
|
|
Pitching: RHP Tim Anderson
|
|
|
Batting: LHB Glenn Lowther
|
0-0: Ball 1-0: Fly out, F7 (Flyball, 7D, EV 90.0 MPH)
|
|
Batting: RHB Kyle Davis
|
0-0: Called Strike 0-1: Fly out, F8 (Flyball, 8LD, EV 106.9 MPH)
|
|
Batting: LHB Bob Dietz
|
0-0: Swinging Strike 0-1: Ball 1-1: Ball 2-1: Ball 3-1: Base on Balls
|
|
Batting: RHB Duncan Collins
|
0-0: Called Strike 0-1: Ball Bob Dietz is caught stealing 2nd base 2-4
|
| Top of the 1st over - 0 runs, 0 hits, 0 errors, 0 left on base; Corpus Christi 0 - Arkansas 0 |
| BOTTOM OF THE 1ST |
|
Arkansas Travelers batting - Pitching for Corpus Christi Hooks : RHP Angel Cerros
|
|
Pitching: RHP Angel Cerros
|
|
|
Batting: RHB Nick Lombardo
|
0-0: Called Strike 0-1: Ball 1-1: Ball 2-1: SINGLE (Groundball, 6D, EV 103.8 MPH)
|
|
Batting: RHB Danny Bjarnson
|
0-0: Fielders Choice at 2nd, 5-4 (Groundball, 56, EV 82.5 MPH)
|
|
Batting: RHB Juan Montez
|
0-0: DOUBLE (Line Drive, 7LS, EV 99.4 MPH) Danny Bjarnson to third
|
|
Batting: LHB Mutsuo IIda
|
0-0: Ball 1-0: Foul Ball, location: 2F 1-1: Foul Ball, location: 2F 1-2: Strikes out swinging
|
|
Batting: RHB Kyler Seitz
|
0-0: Called Strike 0-1: Fly out, F8 (Flyball, 8RD, EV 101.2 MPH)
|
| Bottom of the 1st over - 0 runs, 2 hits, 0 errors, 2 left on base; Corpus Christi 0 - Arkansas 0 |
| TOP OF THE 2ND |
|
Corpus Christi Hooks batting - Pitching for Arkansas Travelers : RHP Tim Anderson
|
|
Batting: RHB Duncan Collins
|
0-0: Foul Ball, location: 2F 0-1: Ball 1-1: Foul Ball, location: 2F 1-2: Strikes out looking
|
|
Batting: RHB Alex Campos
|
0-0: Called Strike 0-1: Ball 1-1: Ball 2-1: Ball 3-1: Ground out 4-3 (Groundball, 4S, EV 81.9 MPH)
|
|
Batting: RHB Pat McCoy
|
0-0: Foul Ball, location: 2F 0-1: Swinging Strike 0-2: Ball 1-2: Ball 2-2: Ball 3-2: DOUBLE (Line Drive, 78M, EV 99.4 MPH)
|
|
Batting: RHB Sean Mounts
|
0-0: Swinging Strike 0-1: Called Strike 0-2: Strikes out swinging
|
| Top of the 2nd over - 0 runs, 1 hit, 0 errors, 1 left on base; Corpus Christi 0 - Arkansas 0 |
| BOTTOM OF THE 2ND |
|
Arkansas Travelers batting - Pitching for Corpus Christi Hooks : RHP Angel Cerros
|
|
Batting: RHB Ricky Mejicanos
|
0-0: Called Strike 0-1: Ball 1-1: Ball 2-1: Ball 3-1: Foul Ball, location: 2F 3-2: Base on Balls
|
|
Batting: RHB T.J. Gray
|
0-0: Fielders Choice at 2nd, 1-4 (Groundball, 15S, EV 75.0 MPH)
|
|
Batting: LHB Spencer Palmer
|
0-0: Called Strike 0-1: Foul Ball, location: 2F 0-2: Ball 1-2: Ball 2-2: Ball 3-2: SINGLE (Groundball, 4D, EV 108.8 MPH) T.J. Gray to second T.J. Gray to third
|
|
Batting: SHB Tim Connell
|
0-0: Called Strike 0-1: Ball Pickoff Throw by Catcher to First - Out! 1-1: Ball 2-1: Foul Ball, location: 2F 2-2: Foul Ball, location: 2F 2-2: Foul Ball, location: 2F 2-2: Strikes out swinging
|
| Bottom of the 2nd over - 0 runs, 1 hit, 0 errors, 1 left on base; Corpus Christi 0 - Arkansas 0 |
| TOP OF THE 3RD |
|
Corpus Christi Hooks batting - Pitching for Arkansas Travelers : RHP Tim Anderson
|
|
Batting: RHB Kieron Clark
|
0-0: Called Strike 0-1: Ball 1-1: Foul Ball, location: 2F 1-2: Foul Ball, location: 2F 1-2: Ball 2-2: Strikes out looking
|
|
Batting: RHB Oren Jones
|
0-0: Ball 1-0: Called Strike 1-1: Ground out 6-3 (Groundball, 6, EV 93.1 MPH)
|
|
Batting: LHB Glenn Lowther
|
0-0: Called Strike 0-1: Called Strike 0-2: Ball 1-2: Ball 2-2: Strikes out swinging
|
| Top of the 3rd over - 0 runs, 0 hits, 0 errors, 0 left on base; Corpus Christi 0 - Arkansas 0 |
| BOTTOM OF THE 3RD |
|
Arkansas Travelers batting - Pitching for Corpus Christi Hooks : RHP Angel Cerros
|
|
Batting: RHB Nick Lombardo
|
0-0: Ball 1-0: Foul Ball, location: 2F 1-1: Ball 2-1: Ground out 6-3 (Groundball, 6, EV 86.9 MPH)
|
|
Batting: RHB Danny Bjarnson
|
0-0: Ball 1-0: Ball 2-0: Ball 3-0: Foul Ball, location: 2F 3-1: Called Strike 3-2: Strikes out swinging
|
|
Batting: RHB Juan Montez
|
0-0: Ball 1-0: Ball 2-0: Swinging Strike 2-1: Fly out, F4 (Popup, 34D, EV 57.5 MPH)
|
| Bottom of the 3rd over - 0 runs, 0 hits, 0 errors, 0 left on base; Corpus Christi 0 - Arkansas 0 |
| TOP OF THE 4TH |
|
Corpus Christi Hooks batting - Pitching for Arkansas Travelers : RHP Tim Anderson
|
|
Batting: RHB Kyle Davis
|
0-0: DOUBLE (Flyball, 89D, EV 92.5 MPH)
|
|
Batting: LHB Bob Dietz
|
0-0: Called Strike 0-1: Ball 1-1: Called Strike 1-2: Ball 2-2: Strikes out swinging
|
|
Batting: RHB Duncan Collins
|
0-0: Called Strike 0-1: Foul Ball, location: 2F 0-2: Strikes out swinging
|
|
Batting: RHB Alex Campos
|
0-0: Swinging Strike 0-1: Ball 1-1: Ball 2-1: Foul Ball, location: 2F 2-2: Ball 3-2: SINGLE (Groundball, 56D, EV 105.0 MPH) Kyle Davis to third Runner from 3rd tries for Home, SAFE, throw by LF to home
|
|
Batting: RHB Pat McCoy
|
0-0: Foul Ball, location: 2F 0-1: Ground out 4-3 (Groundball, 4, EV 111.2 MPH)
|
| Top of the 4th over - 1 run, 2 hits, 0 errors, 1 left on base; Corpus Christi 1 - Arkansas 0 |
| BOTTOM OF THE 4TH |
|
Arkansas Travelers batting - Pitching for Corpus Christi Hooks : RHP Angel Cerros
|
|
Batting: LHB Mutsuo IIda
|
0-0: Called Strike 0-1: Ball 1-1: Ball 2-1: Fly out, F7 (Flyball, 7, EV 79.4 MPH)
|
|
Batting: RHB Kyler Seitz
|
0-0: Swinging Strike 0-1: Ball 1-1: Fly out, F9 (Flyball, 9, EV 90.0 MPH)
|
|
Batting: RHB Ricky Mejicanos
|
0-0: Called Strike 0-1: Swinging Strike 0-2: Foul Ball, location: 2F 0-2: Strikes out swinging
|
| Bottom of the 4th over - 0 runs, 0 hits, 0 errors, 0 left on base; Corpus Christi 1 - Arkansas 0 |
| TOP OF THE 5TH |
|
Corpus Christi Hooks batting - Pitching for Arkansas Travelers : RHP Tim Anderson
|
|
Batting: RHB Sean Mounts
|
0-0: Ball 1-0: Ball 2-0: Foul Ball, location: 2F 2-1: Ground out 1-3 (Groundball, 23, EV 68.8 MPH)
|
|
Batting: RHB Kieron Clark
|
0-0: Swinging Strike 0-1: Ball 1-1: Called Strike 1-2: Ball 2-2: Strikes out swinging
|
|
Batting: RHB Oren Jones
|
0-0: Fly out, F8 (Flyball, 8LD, EV 86.2 MPH)
|
| Top of the 5th over - 0 runs, 0 hits, 0 errors, 0 left on base; Corpus Christi 1 - Arkansas 0 |
| BOTTOM OF THE 5TH |
|
Arkansas Travelers batting - Pitching for Corpus Christi Hooks : RHP Angel Cerros
|
|
Batting: RHB T.J. Gray
|
0-0: Ball 1-0: Foul Ball, location: 2F 1-1: Swinging Strike 1-2: Strikes out looking
|
|
Batting: LHB Spencer Palmer
|
0-0: Ball 1-0: Ball 2-0: Called Strike 2-1: Foul Ball, location: 2F 2-2: Ball 3-2: Strikes out swinging
|
|
Batting: SHB Tim Connell
|
0-0: Ball 1-0: Ball 2-0: Called Strike 2-1: Called Strike 2-2: Fly out, F3 (Line Drive, 3L, EV 61.2 MPH)
|
| Bottom of the 5th over - 0 runs, 0 hits, 0 errors, 0 left on base; Corpus Christi 1 - Arkansas 0 |
| TOP OF THE 6TH |
|
Corpus Christi Hooks batting - Pitching for Arkansas Travelers : RHP Tim Anderson
|
|
Batting: LHB Glenn Lowther
|
0-0: Ball 1-0: Foul Ball, location: 2F 1-1: DOUBLE (Groundball, 3L, EV 101.9 MPH)
|
|
Batting: RHB Kyle Davis
|
0-0: Ball 1-0: Foul Ball, location: 2F 1-1: Ball 2-1: Ball 3-1: Foul Ball, location: 2F 3-2: Strikes out swinging
|
|
Batting: LHB Bob Dietz
|
0-0: Fly out, F2 (Popup, 2LF, EV 90.6 MPH)
|
|
Batting: RHB Duncan Collins
|
0-0: Ball 1-0: Called Strike 1-1: Swinging Strike 1-2: Hit by Pitch
|
|
Batting: RHB Alex Campos
|
0-0: Called Strike 0-1: Ball 1-1: Swinging Strike 1-2: Foul Ball, location: 2F 1-2: Strikes out swinging
|
| Top of the 6th over - 0 runs, 1 hit, 0 errors, 2 left on base; Corpus Christi 1 - Arkansas 0 |
| BOTTOM OF THE 6TH |
|
Arkansas Travelers batting - Pitching for Corpus Christi Hooks : RHP Angel Cerros
|
|
Batting: RHB Nick Lombardo
|
0-0: Ball 1-0: SINGLE (Line Drive, 4D, EV 98.1 MPH)
|
|
Batting: RHB Danny Bjarnson
|
0-0: Ball 1-0: Called Strike 1-1: Ball 2-1: Ball 3-1: Foul Ball, location: 2F 3-2: SINGLE (Line Drive, 3D, EV 95.0 MPH) Nick Lombardo to second Nick Lombardo to third
|
|
Batting: RHB Juan Montez
|
0-0: Ball 1-0: Called Strike 1-1: SINGLE (Line Drive, 6D, EV 101.9 MPH) Nick Lombardo scores Danny Bjarnson to second
|
|
Batting: LHB Mutsuo IIda
|
0-0: Foul Ball, location: 2F 0-1: Ball 1-1: Fielders Choice at 2nd, 4-6 (Groundball, 34, EV 102.5 MPH) Danny Bjarnson to third
|
|
Batting: RHB Kyler Seitz
|
0-0: Ball 1-0: Fly out, F8 (Line Drive, 8RD, EV 106.9 MPH) Runner from 3rd tags up, SCORES, no throw by CF
|
|
Batting: RHB Ricky Mejicanos
|
0-0: Ball 1-0: Foul Ball, location: 2F 1-1: Fly out, F4 (Flyball, 34D, EV 94.4 MPH)
|
| Bottom of the 6th over - 2 runs, 3 hits, 0 errors, 1 left on base; Corpus Christi 1 - Arkansas 2 |
| TOP OF THE 7TH |
|
Corpus Christi Hooks batting - Pitching for Arkansas Travelers : RHP Tim Anderson
|
|
Batting: RHB Pat McCoy
|
0-0: Called Strike 0-1: Ball 1-1: Ball 2-1: Foul Ball, location: 2F 2-2: Foul Ball, location: 2F 2-2: Strikes out swinging
|
|
Batting: RHB Sean Mounts
|
0-0: Called Strike 0-1: Ball 1-1: Fly out, F9 (Flyball, 9D, EV 89.4 MPH)
|
|
Batting: RHB Kieron Clark
|
0-0: Ball 1-0: Foul Ball, location: 2F 1-1: Foul Ball, location: 2F 1-2: Ball 2-2: Foul Ball, location: 2F 2-2: Foul Ball, location: 2F 2-2: Ball 3-2: Fly out, F9 (Flyball, 89D, EV 89.4 MPH)
|
| Top of the 7th over - 0 runs, 0 hits, 0 errors, 0 left on base; Corpus Christi 1 - Arkansas 2 |
| BOTTOM OF THE 7TH |
|
Arkansas Travelers batting - Pitching for Corpus Christi Hooks : RHP Angel Cerros
|
|
Batting: RHB T.J. Gray
|
0-0: Called Strike 0-1: Ball 1-1: Ball 2-1: Foul Ball, location: 2F 2-2: Ground out 4-3 (Groundball, 4, EV 78.8 MPH)
|
|
Batting: LHB Spencer Palmer
|
0-0: Called Strike 0-1: Ball 1-1: Foul Ball, location: 2F 1-2: Fly out, F9 (Flyball, 9, EV 76.9 MPH)
|
|
Batting: SHB Tim Connell
|
0-0: Fly out, F3 (Popup, 3SF, EV 81.2 MPH)
|
| Bottom of the 7th over - 0 runs, 0 hits, 0 errors, 0 left on base; Corpus Christi 1 - Arkansas 2 |
| TOP OF THE 8TH |
|
Corpus Christi Hooks batting - Pitching for Arkansas Travelers : RHP Tim Anderson
|
|
Pitching: LHP Kyle Worford
|
|
|
Batting: RHB Oren Jones
|
0-0: Ball 1-0: Called Strike 1-1: Called Strike 1-2: Strikes out swinging
|
|
Pinch Hitting: RHB Xavier Castaneda
|
0-0: Ball 1-0: Called Strike 1-1: Ground out 6-3 (Groundball, 6, EV 98.1 MPH)
|
|
Batting: RHB Kyle Davis
|
0-0: Foul Ball, location: 2F 0-1: Ground out 4-3 (Groundball, 34S, EV 84.4 MPH)
|
| Top of the 8th over - 0 runs, 0 hits, 0 errors, 0 left on base; Corpus Christi 1 - Arkansas 2 |
| BOTTOM OF THE 8TH |
|
Arkansas Travelers batting - Pitching for Corpus Christi Hooks : RHP Angel Cerros
|
|
Pitching: RHP Willie Jimenez
|
|
|
Now in CF: Xavier Castaneda
|
|
|
Batting: RHB Nick Lombardo
|
0-0: Called Strike 0-1: Ball 1-1: Swinging Strike 1-2: Ball 2-2: Foul Ball, location: 2F 2-2: Ball 3-2: Foul Ball, location: 2F 3-2: Reached on error, E1 (Groundball, P, EV 72.5 MPH)
|
|
Batting: RHB Danny Bjarnson
|
0-0: Ball 1-0: Ball 2-0: Ground out 4-3 (Groundball, 34, EV 91.9 MPH) Nick Lombardo to second
|
|
Batting: RHB Juan Montez
|
0-0: Ball Nick Lombardo is caught stealing 3rd base 2-5 1-0: Foul Ball, location: 2F 1-1: Ground out 3-1 (Groundball, 34, EV 88.1 MPH)
|
| Bottom of the 8th over - 0 runs, 0 hits, 1 error, 0 left on base; Corpus Christi 1 - Arkansas 2 |
| TOP OF THE 9TH |
|
Corpus Christi Hooks batting - Pitching for Arkansas Travelers : LHP Kyle Worford
|
|
Pitching: RHP Nick Madrid
|
|
|
Now at 2B: Ryan Pelletier
|
|
|
Batting: LHB Bob Dietz
|
0-0: Ball 1-0: Ball 2-0: Ball 3-0: Called Strike 3-1: Base on Balls
|
|
Batting: RHB Duncan Collins
|
0-0: Called Strike 0-1: Called Strike 0-2: Ball 1-2: Grounds into double play, 4-6-3 (Groundball, 4M, EV 86.2 MPH)
|
|
Batting: RHB Alex Campos
|
0-0: SINGLE (Groundball, 6MD, EV 100.0 MPH)
|
|
Batting: RHB Pat McCoy
|
0-0: Hit by Pitch Alex Campos to second
|
|
Batting: RHB Sean Mounts
|
0-0: Ball 1-0: Ball 2-0: Called Strike 2-1: SINGLE (Groundball, 4D, EV 106.2 MPH) Alex Campos to third Pat McCoy to second Runner from 3rd tries for Home, SAFE, throw by RF to home
|
|
Batting: RHB Kieron Clark
|
0-0: Called Strike 0-1: Called Strike 0-2: Ball 1-2: Fielders Choice at 2nd, 6-4 (Groundball, 6, EV 103.8 MPH)
|
| Top of the 9th over - 1 run, 2 hits, 0 errors, 2 left on base; Corpus Christi 2 - Arkansas 2 |
| BOTTOM OF THE 9TH |
|
Arkansas Travelers batting - Pitching for Corpus Christi Hooks : RHP Willie Jimenez
|
|
Batting: LHB Mutsuo IIda
|
0-0: Swinging Strike 0-1: Ball 1-1: Ball 2-1: Foul Ball, location: 2F 2-2: Ball 3-2: Foul Ball, location: 2F 3-2: Strikes out looking
|
|
Batting: RHB Kyler Seitz
|
0-0: Called Strike 0-1: Foul Ball, location: 2F 0-2: Ball 1-2: Ball 2-2: Foul Ball, location: 2F 2-2: Strikes out looking
|
|
Batting: RHB Ricky Mejicanos
|
0-0: Ground out 1-3 (Groundball, 13S, EV 68.1 MPH)
|
| Bottom of the 9th over - 0 runs, 0 hits, 0 errors, 0 left on base; Corpus Christi 2 - Arkansas 2 |
| TOP OF THE 10TH |
|
Corpus Christi Hooks batting - Pitching for Arkansas Travelers : RHP Nick Madrid
|
|
Pitching: RHP Kennie Williams
|
|
|
Batting: RHB Oren Jones
|
0-0: Ball 1-0: Called Strike 1-1: Ball 2-1: Ball 3-1: Base on Balls
|
|
Batting: RHB Xavier Castaneda
|
0-0: Grounds into double play, 6-4-3 (Groundball, 6, EV 85.0 MPH)
|
|
Batting: RHB Kyle Davis
|
0-0: Called Strike 0-1: Foul Ball, location: 2F 0-2: Foul Ball, location: 2F 0-2: Ball 1-2: Ground out 5-3 (Groundball, 5, EV 80.0 MPH)
|
| Top of the 10th over - 0 runs, 0 hits, 0 errors, 0 left on base; Corpus Christi 2 - Arkansas 2 |
| BOTTOM OF THE 10TH |
|
Arkansas Travelers batting - Pitching for Corpus Christi Hooks : RHP Willie Jimenez
|
|
Pitching: RHP Bobby Leija
|
|
|
Batting: RHB T.J. Gray
|
0-0: Called Strike 0-1: Ball 1-1: Swinging Strike 1-2: Ball 2-2: SINGLE (Line Drive, 9S, EV 95.6 MPH)
|
|
Batting: LHB Spencer Palmer
|
0-0: Foul Ball, location: 2F 0-1: Called Strike T.J. Gray steals 2nd base 0-2: Ball 1-2: Ball 2-2: Strikes out looking
|
|
Pinch Hitting: RHB Kinya Nishimura
|
0-0: Foul Ball, location: 2F 0-1: Ball 1-1: Called Strike 1-2: Ball 2-2: Foul Ball, location: 2F 2-2: Strikes out looking
|
|
Batting: RHB Nick Lombardo
|
0-0: SINGLE (Groundball, 56D, EV 105.6 MPH) T.J. Gray to third Runner from 3rd tries for Home, throw by LF and OUT! 7-2
|
| Bottom of the 10th over - 0 runs, 2 hits, 0 errors, 1 left on base; Corpus Christi 2 - Arkansas 2 |
| TOP OF THE 11TH |
|
Corpus Christi Hooks batting - Pitching for Arkansas Travelers : RHP Kennie Williams
|
|
Now at 3B: Kinya Nishimura
|
|
|
Now at SS: Nick Lombardo
|
|
|
Batting: LHB Bob Dietz
|
0-0: Ball 1-0: Ball 2-0: Ball 3-0: Called Strike 3-1: Base on Balls
|
|
Batting: RHB Duncan Collins
|
0-0: Ball 1-0: Foul Ball, location: 2F 1-1: Foul Ball, location: 2F 1-2: Foul Ball, location: 2F 1-2: Grounds into double play, 6-4-3 (Groundball, 6, EV 81.2 MPH)
|
|
Batting: RHB Alex Campos
|
0-0: Ball 1-0: Called Strike 1-1: Ground out 5-3 (Groundball, 15, EV 83.1 MPH)
|
| Top of the 11th over - 0 runs, 0 hits, 0 errors, 0 left on base; Corpus Christi 2 - Arkansas 2 |
| BOTTOM OF THE 11TH |
|
Arkansas Travelers batting - Pitching for Corpus Christi Hooks : RHP Bobby Leija
|
|
Batting: RHB Danny Bjarnson
|
0-0: Called Strike 0-1: Called Strike 0-2: Reached on error, E6 (Groundball, 6, EV 102.5 MPH)
|
|
Batting: RHB Ryan Pelletier
|
0-0: Ball Danny Bjarnson steals 2nd base 1-0: Ball 2-0: Called Strike 2-1: Ball 3-1: Ground out 4-3 (Groundball, 4, EV 85.0 MPH) Danny Bjarnson to third
|
|
Batting: LHB Mutsuo IIda
|
0-0: Foul Ball, location: 2F 0-1: Ball 1-1: Called Strike 1-2: Ball 2-2: Fielders Choice at home, 4-2 (Groundball, 4, EV 88.8 MPH)
|
|
Pitching: RHP Gerardo Huerta
|
|
|
Batting: RHB Kyler Seitz
|
0-0: Ball 1-0: Ball 2-0: Swinging Strike 2-1: Foul Ball, location: 2F 2-2: Ball 3-2: Strikes out swinging
|
| Bottom of the 11th over - 0 runs, 0 hits, 1 error, 1 left on base; Corpus Christi 2 - Arkansas 2 |
| TOP OF THE 12TH |
|
Corpus Christi Hooks batting - Pitching for Arkansas Travelers : RHP Kennie Williams
|
|
Batting: RHB Pat McCoy
|
0-0: SINGLE (Groundball, 6D, EV 94.4 MPH)
|
|
Pitching: RHP Jose Alvarado
|
|
|
Batting: RHB Sean Mounts
|
0-0: Bunt - Flyout to 15S! F1
|
|
Batting: RHB Kieron Clark
|
0-0: Ball 1-0: Ball Pat McCoy steals 2nd base 2-0: Intentional Walk
|
|
Batting: RHB Oren Jones
|
0-0: Ball 1-0: Fielders Choice at 2nd, 1-4 (Groundball, 15S, EV 71.2 MPH) Pat McCoy to third
|
|
Batting: RHB Xavier Castaneda
|
0-0: Foul Ball, location: 2F 0-1: Fly out, F8 (Flyball, 8RM, EV 89.4 MPH)
|
| Top of the 12th over - 0 runs, 1 hit, 0 errors, 2 left on base; Corpus Christi 2 - Arkansas 2 |
| BOTTOM OF THE 12TH |
|
Arkansas Travelers batting - Pitching for Corpus Christi Hooks : RHP Gerardo Huerta
|
|
Batting: RHB Ricky Mejicanos
|
0-0: Ball 1-0: Ball 2-0: Called Strike 2-1: Called Strike 2-2: Ball 3-2: Ground out 6-3 (Groundball, 6, EV 105.0 MPH)
|
|
Batting: RHB T.J. Gray
|
0-0: SOLO HOME RUN (Line Drive, 9D, EV 100.0 MPH), Distance : 399 ft
|
| Bottom of the 12th over - 1 run, 1 hit, 0 errors, 0 left on base; Corpus Christi 2 - Arkansas 3 |
|